 Dungeon Crawl Stone Soup version 0.22-a0-247-gbddf880 (webtiles) character file.

1032 varam the Firebug (level 8, -1/53 HPs)
             Began as a Human Wanderer on Feb 27, 2018.
             Was an Initiate of Sif Muna.
             Slain by a gnoll
             ... wielding a +0 halberd
              (8 damage)
             ... on level 6 of the Dungeon.
             The game lasted 00:26:16 (7318 turns).

varam the Firebug (Human Wanderer)                  Turns: 7318, Time: 00:26:17

Health: -1/53      AC:  3    Str: 15    XL:     8   Next: 48%
Magic:  3/14       EV: 11    Int: 13    God:    Sif Muna [......]
Gold:   352        SH:  0    Dex: 12    Spells: 2/15 levels left

rFire    . . .     SeeInvis .   j - +0 quarterstaff
rCold    . . .     Gourm    .   (shield currently unavailable)
rNeg     . . .     Faith    .   c - +0 robe
rPois    .         Spirit   .   (no helmet)
rElec    .         Reflect  .   n - +0 cloak (curse)
rCorr    .         Harm     .   (no gloves)
MR       .....                  (no boots)
Stlth    +.........             (no amulet)
HPRegen  0.17/turn              p - ring of flight
MPRegen  0.14/turn              (no ring)

@: no status effects
A: no striking features
a: Renounce Religion, Evoke Flight


You were on level 6 of the Dungeon.
You worshipped Sif Muna.
Sif Muna was noncommittal.
You were hungry.

You visited 1 branch of the dungeon, and saw 6 of its levels.
You also visited: Ossuary.

You collected 352 gold pieces.

Inventory:

Hand Weapons
 j - a +0 quarterstaff (weapon)
Missiles
 t - 3 poisoned tomahawks (quivered)
Armour
 c - a +0 robe (worn)
 m - a +5 ring mail
 n - a cursed +0 cloak (worn)
Jewellery
 d - an uncursed amulet of magic regeneration
 p - a ring of flight (left hand)
Wands
 b - a wand of paralysis (22)
 o - a wand of flame (29)
 C - a wand of digging (18)
Scrolls
 h - 2 scrolls of immolation {unknown}
 i - 3 scrolls of remove curse
 r - a scroll of amnesia
 w - a scroll of noise {unknown}
 y - 6 scrolls of identify {unknown}
Potions
 e - 2 potions of flight {unknown}
 f - a potion of agility {unknown}
 g - a potion of berserk rage {unknown}
 l - 3 potions of brilliance {unknown}
 q - a potion of resistance {unknown}
 s - 2 potions of ambrosia {unknown}
 u - 8 potions of degeneration {unknown}
 v - 3 potions of might {unknown}
 x - a potion of mutation {unknown}
 z - a potion of heal wounds {unknown}
 A - 4 potions of curing
 B - a potion of haste {unknown}
 D - a potion of cancellation {unknown}
 E - a potion of lignification {unknown}
Comestibles
 a - 3 rations


   Skills:
 + Level 0.5 Fighting
 + Level 0.6 Staves
 - Level 2.0 Throwing
 + Level 0.5 Dodging
 - Level 4.1 Spellcasting
 + Level 6.2 Conjurations
   Level 1.0 Translocations
 * Level 7.1 Fire Magic


You had 2 spell levels left.
You knew the following spells:

 Your Spells              Type           Power        Failure   Level  Hunger
a - Flame Tongue          Conj/Fire      ###..        1%          1    None
b - Conjure Flame         Conj/Fire      ###.....     3%          3    ###....
c - Sticky Flame          Conj/Fire      ###.....     13%         4    ####...
d - Fireball              Conj/Fire      ###.......   34%         5    ######.


Dungeon Overview and Level Annotations

Branches:
Dungeon (6/15)
 Temple: D:4-7

Altars:
Elyvilon
Ru
Sif Muna

Annotations:
D:6 tsouns's ghost, novice OpFi


Message History

The gnoll throws a throwing net.
The throwing net barely misses you.
Casting: Sticky Flame (safe; 13% risk of failure)
Confirm with . or Enter, or press ? or * to list all spells.
You don't have enough magic to cast that spell.
As you read the scroll of teleportation, it crumbles to dust.
You feel strangely unstable. The ogre barely misses you.
Your surroundings suddenly seem different.
A gnoll comes into view. It is wielding a whip.
The gnoll shouts!
Found two stone staircases leading down. 2 gnolls and a crimson imp come into view.
The gnoll hits you with a whip.
Your magical contamination has completely faded away.
There is a stone staircase leading down here.
The crimson imp hits you. The gnoll hits you with a whip.
* * * LOW HITPOINT WARNING * * *
The gnoll hits you.
* * * LOW HITPOINT WARNING * * *
The gnoll hits you from afar with a halberd!
You die...

###########
#.........#
#>........#
.###.........#
.............+
.......@5....#
###...gg.....#
#....g.....#
#..........#
............#
##...........+
l............#
##.###########


You could see an iguana (wandering), 3 gnolls and a crimson imp.

Vanquished Creatures
  Blork the orc (D:4)
  A scorpion (D:5)
  2 crimson imps (D:5)
  A human zombie (Ossuary)
  2 centaur zombies
  A hound (D:4)
  A bullfrog skeleton (D:5)
  A centaur skeleton (D:5)
  Ijyb (D:4)
  Terence (D:2)
  6 orc wizards
  An iguana (D:5)
  4 worker ants
  A big kobold zombie (Ossuary)
  3 mummies (Ossuary)
  A hound zombie (D:5)
  A hound skeleton (D:5)
  7 gnolls
  9 adders
  3 adder skeletons
  2 worms
  A dart slug (D:1)
  13 orcs
  5 giant cockroaches
  7 goblins
  7 hobgoblins
  4 jackals (D:3)
  2 quokkas (D:5)
  9 bats
  6 frilled lizards
  A goblin zombie (Ossuary)
  2 hobgoblin zombies (Ossuary)
  6 kobolds
  A kobold zombie (Ossuary)
  An orc zombie (Ossuary)
  2 quokka zombies (D:5)
  5 rats
122 creatures vanquished.

Vanquished Creatures (others)
  An adder (D:5)
1 creature vanquished.

Grand Total: 123 creatures vanquished

Notes
Turn   | Place    | Note
-------+----------+-------------------------------------------
     0 | D:1      | varam the Human Wanderer began the quest for the Orb.
     0 | D:1      | varam set off with: a ration, a potion of curing, a +0 robe, a +0 club
     0 | D:1      | Reached XP level 1. HP: 13/13 MP: 5/5
     2 | D:1      | Learned a level 1 spell: Flame Tongue
   276 | D:1      | Reached XP level 2. HP: 19/19 MP: 4/7
   323 | D:1      | Reached skill level 1 in Conjurations
   645 | D:1      | Reached XP level 3. HP: 20/24 MP: 2/8
  1091 | D:2      | Learned a level 3 spell: Conjure Flame
  1142 | D:2      | Reached skill level 2 in Conjurations
  1396 | D:2      | Reached XP level 4. HP: 17/30 MP: 0/10
  2158 | D:2      | Reached skill level 4 in Fire Magic
  2507 | D:3      | Reached XP level 5. HP: 27/35 MP: 7/11
  2586 | D:3      | Reached skill level 3 in Conjurations
  3224 | D:3      | Noticed Terence
  3630 | D:4      | Noticed Ijyb
  3642 | D:4      | Killed Ijyb
  3642 | D:4      | Reached XP level 6. HP: 40/41 MP: 2/12
  3772 | D:4      | Learned a level 4 spell: Sticky Flame
  3793 | D:4      | Reached skill level 5 in Fire Magic
  3893 | D:2      | Killed Terence
  3893 | D:2      | Reached skill level 4 in Conjurations
  4278 | D:4      | Noticed Blork the orc
  4556 | D:4      | Killed Blork the orc
  4618 | D:4      | Reached XP level 7. HP: 31/46 MP: 7/13
  4958 | D:5      | Entered Level 5 of the Dungeon
  5144 | D:5      | Reached skill level 5 in Conjurations
  5161 | D:5      | Reached skill level 6 in Fire Magic
  5453 | D:5      | Reached XP level 8. HP: 26/52 MP: 1/14
  5480 | D:5      | Found a sand-covered staircase.
  5489 | Ossuary  | Entered an ossuary
  6214 | Ossuary  | Learned a level 5 spell: Fireball
  6220 | D:5      | Reached skill level 6 in Conjurations
  6256 | D:5      | Reached skill level 7 in Fire Magic
  6654 | D:5      | Found a white marble altar of Elyvilon.
  6807 | D:5      | Found a sacrificial altar of Ru.
  7000 | D:4      | Found a deep blue altar of Sif Muna.
  7008 | D:4      | Became a worshipper of Sif Muna the Loreminder
  7131 | D:6      | Noticed tsouns's ghost (novice OpFi)
  7318 | D:6      | Slain by a gnoll

Vault maps used:
D:1:      dpeg_arrival_pits, lemuel_another_geyser
D:2:      first_ration
D:3:      kennysheep_generic_room_14, uniq_terence
D:4:      kennysheep_nondescript, tgw_sif, uniq_blork_the_orc, uniq_ijyb
D:5:      nicolae_ru_path_of_blood, enter_ossuary_5, elyvilon_altar_4
D:6:      temple_doors_ab
Ossuary:  ossuary_crypta

Skill      XL: |  1  2  3  4  5  6  7  8 |
---------------+-------------------------+-----
Conjurations   | 1 2 3 4 5 6 |  6.2
Fire Magic     | 4 5 6 7 |  7.1
Fighting       | |  0.5
Staves         | |  0.6
Throwing       | |  2.0
Dodging        | |  0.5
Spellcasting   | |  4.1
Translocations | |  1.0

Action                   |  1- 3 |  4- 6 |  7- 9 || total
-------------------------+-------+-------+-------++-------
Melee: Club              |    14 |       |       ||    14
       Quarterstaff      |       |    86 |   123 ||   209
 Cast: Flame Tongue      |    61 |    79 |    31 ||   171
       Conjure Flame     |       |     8 |     2 ||    10
       Sticky Flame      |       |     1 |    33 ||    34
Evoke: Wand              |       |     1 |     3 ||     4
  Use: Potion            |     1 |     1 |     1 ||     3
       Scroll            |       |     2 |     4 ||     6
 Stab: Sleeping          |     1 |       |       ||     1
       Paralysed         |       |     7 |     4 ||    11
  Eat: Chunk             |     1 |    11 |     3 ||    15
       Ration            |       |       |     4 ||     4
Armor: Robe              |    16 |    26 |    30 ||    72
Dodge: Dodged            |    28 |    74 |   103 ||   205

Table legend:
 A = Spawn XP
 B = Non-spawn XP
 C = Spawn XP percentage of total XP
 D = Spawn monster count
 E = Non-spawn monster count
 F = Spawn count percentage of total count
 G = Total turns spent on level
                    A         B        C        D         E        F      G
               +---------+---------+-------+---------+---------+-------+---------
         Total |       0 |    1475 |   0.0 |       0 |     122 |   0.0 |  7318
               +---------+---------+-------+---------+---------+-------+---------
           D:1 |       0 |      33 |   0.0 |       0 |      19 |   0.0 |   833
           D:2 |       0 |     109 |   0.0 |       0 |      18 |   0.0 |  1583
           D:3 |       0 |     150 |   0.0 |       0 |      25 |   0.0 |  1619
           D:4 |       0 |     326 |   0.0 |       0 |      15 |   0.0 |  1069
           D:5 |       0 |     613 |   0.0 |       0 |      31 |   0.0 |  1100
           D:6 |       0 |      73 |   0.0 |       0 |       3 |   0.0 |   388
       Ossuary |       0 |     171 |   0.0 |       0 |      11 |   0.0 |   726
               +---------+---------+-------+---------+---------+-------+---------
